 Dungeon Crawl Stone Soup version 0.29.0-4-gdea44cf6ec (webtiles) character file.

Game seed: 11355650694876547935

79 qw the Chopper (level 4, -2/26 HPs)
             Began as a Tengu Warper on Aug 28, 2022.
             Slain by a gnoll
             ... wielding a +0 spear
              (6 damage)
             ... on level 2 of the Dungeon.
             The game lasted 00:00:09 (1553 turns).

qw the Chopper (Tengu Warper)                       Turns: 1553, Time: 00:00:09

Health: -2/26      AC:  5    Str: 13    XL:     4   Next: 37%
Magic:  8/8        EV: 11    Int: 13    God:
Gold:   58         SH:  0    Dex: 14    Spells: 7/7 levels left

rFire   . . .      SeeInvis .   Y - +0 hand axe
rCold   . . .      Faith    .   (no shield)
rNeg    . . .      Spirit   .   h - +0 ring mail
rPois   .          Reflect  .   (helmet restricted)
rElec   .          Harm     .   (no cloak)
rCorr   .          Rampage  .   (no gloves)
Will    .....                   (boots unavailable)
Stlth   +.........              (no amulet)
HPRegen 0.08/turn               (no ring)
MPRegen 0.11/turn               (no ring)

@: no status effects
A: beak, talons 3, screaming 1
a: no special abilities


You were on level 2 of the Dungeon.
You visited 1 branch of the dungeon, and saw 2 of its levels.

You collected 58 gold pieces.


Innate Abilities, Weirdness & Mutations

You have a beak for a mouth.
You have claws for feet.
You occasionally shout uncontrollably at your foes.


   Skills:
 - Level 2.0 Fighting
 + Level 4.9 Axes
 - Level 1.0 Throwing
 - Level 1.1 Armour
 - Level 2.1 Dodging
 - Level 2.0 Spellcasting
 - Level 2.4 Translocations


You had 7 spell levels left.
You didn't know any spells.
Your spell library contained the following spells:

 Spells                   Type           Power      Damage    Failure   Level
 Blink                    Tloc           14%        N/A       30%         2
 Gell's Gravitas          Tloc           7%         N/A       52%         3
 Lesser Beckoning         Tloc           7%         N/A       52%         3
 Teleport Other           Tloc           7%         N/A       52%         3
 Manifold Assault         Tloc           7%         N/A       99%         5

Inventory:

Hand Weapons
 a - a +1 vorpal mace
 Y - a +0 hand axe (weapon)
Armour
 h - a +0 ring mail (worn)
Potions
 e - a potion of attraction {unknown}
 j - a potion of heal wounds {unknown}

Dungeon Overview and Level Annotations

Branches:
Dungeon (2/15)

Altars:


Message History

The hobgoblin shouts!
A gnoll comes into view. It is wielding a +0 spear.
Enter note:
Enter note:
1522 ||| Stepping ~*~*~tactically~*~*~ (stealth).
A gnoll comes into view. It is wielding a +0 flail.
You hit the gnoll but do no damage. You closely miss the hobgoblin.
The gnoll hits you with a +0 flail.
The hobgoblin hits you but does no damage.
You hit the gnoll. Your kick misses the gnoll.
The gnoll is heavily wounded.
You closely miss the hobgoblin. The gnoll hits you with a +0 flail.
The hobgoblin hits you but does no damage.
You hit the gnoll. Your kick misses the gnoll.
You peck the gnoll, but do no damage.
The gnoll is severely wounded.
You hit the hobgoblin but do no damage. The gnoll barely misses you.
The hobgoblin hits you.
You completely miss the gnoll. You claw the gnoll. Your peck misses the gnoll.
The gnoll is severely wounded.
You hit the hobgoblin. The gnoll barely misses you. The hobgoblin hits you.
You barely miss the gnoll. Your kick misses the gnoll.
The gnoll is severely wounded.
You hit the hobgoblin. The gnoll hits you with a +0 flail.
The hobgoblin closely misses you.
You hit the hobgoblin.
You kill the hobgoblin!
You hit the gnoll.
You kill the gnoll!
You start resting.
A gnoll is nearby!
The gnoll shouts!
You hear a shout!
The gnoll misses you.
A gnoll comes into view. It is wielding a +0 club.
The gnoll hits you with a +0 spear.
You barely miss the gnoll. The gnoll hits you with a +0 spear.
You die...

... #######..
........### .......... .
........ .# .
..#####...#######.#.#. .
......................
........)....####.#.#..
.......@............#..#
..(..#g#..##....#.#.#..l
...# #.#................
. ..##...............
.#g #...............
#### ###...#...#....#
#...#...+.....
#####...##...#
#...###...


You could see 2 gnolls.

Vanquished Creatures
  Terence (D:2)
  A gnoll (D:2)
  4 dart slugs (D:1)
  3 ball pythons
  4 endoplasms
  6 giant cockroaches
  3 goblins
  5 hobgoblins
  3 quokkas (D:1)
  5 bats (D:1)
35 creatures vanquished.

Notes
Turn   | Place    | Note
-------+----------+-------------------------------------------
     0 | D:1      | qw the Tengu Warper began the quest for the Orb.
     0 | D:1      | Reached XP level 1. HP: 12/12 MP: 4/4
     0 | D:1      | 0 ||| qw: Version: 0.1-a-89-g26bdef1
     0 | D:1      | 0 ||| qw: Game counter: 2481
     0 | D:1      | 0 ||| qw: Always use a shield: true
     0 | D:1      | 0 ||| qw: God list: Okawaru
     0 | D:1      | 0 ||| qw: Allow faded altars: false
     0 | D:1      | 0 ||| qw: Do Orc after D:15 true
     0 | D:1      | 0 ||| qw: Do second Lair branch before Depths: true
     0 | D:1      | 0 ||| qw: Lair rune preference: random
     0 | D:1      | 0 ||| qw: Plans: Normal
     0 | D:1      | 0 ||| PLANNING D:1-11
   232 | D:1      | Reached XP level 2. HP: 16/17 MP: 6/6
   297 | D:1      | 297 ||| Stepping ~*~*~tactically~*~*~ (stealth).
   298 | D:1      | 298 ||| Stepping ~*~*~tactically~*~*~ (stealth).
   300 | D:1      | Reached skill level 3 in Axes
   301 | D:1      | 301 ||| Stepping ~*~*~tactically~*~*~ (stealth).
   307 | D:1      | 307 ||| Stepping ~*~*~tactically~*~*~ (stealth).
   398 | D:1      | 398 ||| Stepping ~*~*~tactically~*~*~ (hiding).
   501 | D:1      | 501 ||| Stepping ~*~*~tactically~*~*~ (hiding).
   590 | D:1      | 590 ||| Stepping ~*~*~tactically~*~*~ (stealth).
   592 | D:1      | 592 ||| Stepping ~*~*~tactically~*~*~ (stealth).
   598 | D:1      | Reached XP level 3. HP: 19/21 MP: 7/7
   598 | D:1      | 598 ||| Stepping ~*~*~tactically~*~*~ (stealth).
   599 | D:1      | 599 ||| Stepping ~*~*~tactically~*~*~ (stealth).
   869 | D:1      | Reached skill level 4 in Axes
   908 | D:1      | Found a faded altar of an unknown god.
  1119 | D:1      | 1119 ||| Stepping ~*~*~tactically~*~*~ (stealth).
  1159 | D:1      | 1159 ||| UPGRADING to +0 ring mail.
  1169 | D:1      | 1169 ||| DROPPING +0 leather armour.
  1170 | D:1      | 1170 ||| READING scroll labelled MUSUGE FAPLATU.
  1175 | D:1      | 1175 ||| READING scroll labelled LYOMMI FULAFFY.
  1176 | D:1      | 1176 ||| DRINKING 2 lumpy sapphire potions.
  1176 | D:1      | Gained mutation: You are occasionally teleported next to
                  | monsters. [potion of mutation]
  1176 | D:1      | Gained mutation: Your body sometimes deteriorates upon
                  | taking damage. [potion of mutation]
  1177 | D:1      | 1177 ||| DRINKING potion of mutation.
  1177 | D:1      | Lost mutation: Your body sometimes deteriorates upon taking
                  | damage. [potion of mutation]
  1177 | D:1      | Lost mutation: You are occasionally teleported next to
                  | monsters. [potion of mutation]
  1177 | D:1      | Gained mutation: You occasionally shout uncontrollably at
                  | your foes. [potion of mutation]
  1178 | D:1      | 1178 ||| DROPPING scroll of blinking.
  1198 | D:2      | 1198 ||| STAIRDANCE
  1213 | D:2      | Noticed Terence
  1225 | D:2      | HP: 4/21 [Terence/+1 vorpal mace (3)]
  1226 | D:2      | Killed Terence
  1227 | D:2      | Reached XP level 4. HP: 4/26 MP: 8/8
  1489 | D:2      | 1489 ||| Stepping ~*~*~tactically~*~*~ (stealth).
  1496 | D:2      | 1496 ||| DROPPING +0 club.
  1522 | D:2      | 1522 ||| Stepping ~*~*~tactically~*~*~ (stealth).
  1531 | D:2      | HP: 4/26 [gnoll/+0 flail (5)]
  1552 | D:2      | HP: 4/26 [gnoll/+0 spear (2)]
  1553 | D:2      | Slain by a gnoll

Levels and vault maps discovered:
D:1:      dpeg_arrival_long_road, layout_loops_ring,
          ebering_ecumenical_altar_box, kennysheep_flooded_box,
          minmay_worlds_worst_comb
D:2:      minmay_skewed_foursquare, layout_basic, uniq_terence

Skill      XL: |  1  2  3 |
---------------+----------+-----
Axes           | 3 4 |  4.9
Fighting       | |  2.0
Throwing       | |  1.0
Armour         | |  1.1
Dodging        | |  2.1
Spellcasting   | |  2.0
Translocations | |  2.4

Action                   |  1- 3 |  4- 6 || total
-------------------------+-------+-------++-------
Melee: Hand axe          |    78 |     9 ||    87
       Kick              |    24 |     3 ||    27
       Peck              |     8 |     2 ||    10
Throw: Boomerang         |     7 |       ||     7
  Use: Scroll            |     2 |       ||     2
       Potion            |     2 |       ||     2
Armor: Leather armour    |    13 |       ||    13
       Ring mail         |     5 |     2 ||     7
Dodge: Dodged            |    45 |     6 ||    51

Table legend:
 A = Non-vault XP
 B = Vault XP
 C = Vault XP percentage of total XP
 D = Non-vault monster count
 E = Vault monster count
 F = Vault count percentage of total count
                 A         B        C        D         E       F
            +---------+---------+-------+---------+---------+-------
      Total |      75 |      38 |  33.6 |      30 |       5 |  14.3
            +---------+---------+-------+---------+---------+-------
        D:1 |      51 |       8 |  13.6 |      24 |       4 |  14.3
        D:2 |      24 |      30 |  55.6 |       6 |       1 |  14.3
            +---------+---------+-------+---------+---------+-------
